 Dungeon Crawl Stone Soup version 0.17.1-3-g152610e (webtiles) character file.

29 juanjsm the Scratcher (level 3, 0/15 HPs)
             Began as a Felid Transmuter on Apr 2, 2016.
             Slain by an adder (5 damage)
             ... on level 2 of the Dungeon.
             The game lasted 00:03:51 (1029 turns).

juanjsm the Scratcher (Felid Transmuter)            Turns: 1029, Time: 00:03:51

Health: 0/15       AC:  1    Str:  6    XL:     3   Next: 1%
Magic:  7/7        EV: 18    Int: 14    God:
Gold:   117        SH:  0    Dex: 17    Spells: 1 memorised, 5 levels left
                                        Lives:  0   Deaths: 0

rFire  . . .     SeeInvis +       - Unarmed
rCold  . . .     Clarity  .     (armour unavailable)
rNeg   . . .     SustAt   .     (shield unavailable)
rPois  .         Gourm    .     (helmet unavailable)
rElec  .         Spirit   .     (cloak unavailable)
rCorr  .         Warding  .     (gloves unavailable)
rMut   .         Stasis   .     (boots unavailable)
MR     .....                    r - amulet of inaccuracy (curse)
Stlth  ++........               (no ring)
                                (no ring)

@: lethally poisoned (0 -> -10), quick, not resistant to hostile enchantments,
unstealthy
A: no armour, no weapons or thrown items, claws 1, fangs 3, see invisible,
carnivore 3, speed 1, shaggy fur 1, slow metabolism 1, sharp paws
a: no special abilities


You were on level 2 of the Dungeon.
You were not hungry.

You visited 1 branch of the dungeon, and saw 2 of its levels.

You collected 117 gold pieces.

Inventory:

Missiles
 a - 29 arrows
Jewellery
 i - an uncursed amulet of regeneration
 r - a cursed amulet of inaccuracy (around neck)
Scrolls
 e - a scroll of identify {unknown}
 f - a scroll of blinking {unknown}
 g - a scroll of immolation {unknown}
 h - a scroll of recharging {unknown}
 l - 2 scrolls of remove curse {unknown}
 n - a scroll of random uselessness {unknown}
 p - a scroll of fear {unknown}
 q - a scroll of teleportation {unknown}
Potions
 d - 2 potions of curing {unknown}
 m - a potion of degeneration {unknown}
 o - a potion of resistance {unknown}
 s - a potion of mutation {unknown}
Books
 b - a book of Changes

   Spells                             Type                      Level
   a - Beastly Appendage              Transmutation                1
   b - Sticks to Snakes               Transmutation                2
   c - Spider Form                    Transmutation/Poison         3
   d - Ice Form                       Ice/Transmutation            4
   e - Blade Hands                    Transmutation                5
Miscellaneous
 k - a plain deck of wonders
Comestibles
 c - a meat ration
 j - a slice of pizza
 t - a royal jelly


   Skills:
 + Level 1.0 Fighting
 + Level 3.1 Dodging
 + Level 0.8 Stealth
 + Level 3.5 Unarmed Combat
 + Level 2.1 Spellcasting
 + Level 2.5 Transmutations


You had 5 spell levels left.
You knew the following spells:

 Your Spells              Type           Power        Failure   Level  Hunger
a - Beastly Appendage     Trmt           #.....       10%         1    ##.....


Dungeon Overview and Level Annotations

Branches:
Dungeon (2/15)

Altars:
Elyvilon
Nemelex Xobeh
Qazlal


Innate Abilities, Weirdness & Mutations

You cannot wear armour.
You are incapable of wielding weapons or throwing items.
You have sharp claws.
You have razor-sharp teeth.
You have supernaturally acute eyesight.
You are carnivorous and can eat meat at any time.
You cover ground quickly.
You are covered in fur (AC +1).
You have a slow metabolism.
Your sharp claws are effective at attacking unaware monsters.


Message History

Found a stone staircase leading down.
You see here a quarterstaff.
You see here a quarterstaff.
You see here 17 sling bullets.
There is an escape hatch in the ceiling here.
An adder comes into view.
You closely miss the adder. The adder barely misses you.
You miss the adder. The adder bites you.
You are poisoned.
The adder poisons you!
You scratch the adder but do no damage.
You feel sick. The adder bites you. The adder misses you.
You closely miss the adder. The adder misses you.
You miss the adder. The adder completely misses you.
You closely miss the adder.
You feel sick. The adder misses you.
You miss the adder. The adder misses you.
You miss the adder. The adder bites you.
You are lethally poisoned!
The adder poisons you! The adder bites you.
You die...

.[...........#
#.####.......# #.#
##......##
#.###..###### #†.#..##
### ##### .....##
##.###...##
.#...######...#.....#
...#..........#.S...#
.#.######.#...#.@...#
...#......##.###...##
.....#######.....###
.#..########.###.###
##.....##....#.....##
##.###....###.......#
.#.####..###.........#
...#....####..[..)...#
#....##....#.........#


You could see an adder.

Vanquished Creatures
  An adder (D:2)
  A goblin (D:2)
  3 hobgoblins
  5 bats
  2 giant cockroaches
  2 giant newts
  3 kobolds
  A rat (D:1)
18 creatures vanquished.

Notes
Turn   | Place    | Note
--------------------------------------------------------------
     0 | D:1      | juanjsm the Felid Transmuter began the quest for the Orb.
     0 | D:1      | Reached XP level 1. HP: 9/9 MP: 4/4
   326 | D:1      | Found a sparkling altar of Nemelex Xobeh.
   654 | D:2      | Found a stormy altar of Qazlal.
   695 | D:2      | Reached XP level 2. HP: 4/12 MP: 6/6
   807 | D:2      | Found a white marble altar of Elyvilon.
   943 | D:2      | Reached XP level 3. HP: 15/15 MP: 7/7
  1029 | D:2      | Slain by an adder

Action                   || total
-------------------------++-------
Melee: Unarmed           ||    57
 Stab: Sleeping          ||     3
